 Dungeon Crawl Stone Soup version 0.23.2-1-ga50397a (webtiles) character file.

Game seed: 13062693382748270190

487 monkeyraunch the Chopper (level 6, 0/49 HPs)
             Began as a Demonspawn Chaos Knight on June 2, 2019.
             Was a Plaything of Xom.
             Slain by a worker ant zombie (5 damage)
             ... in an ossuary.
             The game lasted 00:39:26 (1184 turns).

monkeyraunch the Chopper (Demonspawn Chaos Knight)  Turns: 1184, Time: 00:39:27

Health: 0/49       AC:  5    Str: 15    XL:     6   Next: 89%
Magic:  6/6        EV: 12    Int: 13    God:    Xom [.*....]
Gold:   61         SH:  0    Dex: 12    Spells: 5/5 levels left

rFire    . . .     SeeInvis .   a - +0 hand axe (chaos)
rCold    + + .     Gourm    .   (no shield)
rNeg     . . .     Faith    .   b - +2 leather armour
rPois    .         Spirit   .   (no helmet)
rElec    .         Reflect  .   (no cloak)
rCorr    .         Harm     .   (no gloves)
MR       .....                  (no boots)
Stlth    +.........             (no amulet)
HPRegen  0.16/turn              f - ring of protection from cold
MPRegen  0.10/turn              (no ring)

@: no status effects
A: cold resistance 1, sturdy frame 2
a: Renounce Religion


You were in an ossuary.
You worshipped Xom.
You were a plaything of Xom.
You were not hungry.

You visited 1 branch of the dungeon, and saw 5 of its levels.
You also visited: Ossuary.

You collected 61 gold pieces.

Inventory:

Hand Weapons
 a - a +0 hand axe of chaos (weapon)
 g - a +1 trident of protection
Missiles
 k - 22 bolts
Armour
 b - a +2 leather armour (worn)
 d - a +0 ring mail
 m - a +0 robe
Jewellery
 f - a ring of protection from cold (left hand)
Wands
 j - a wand of iceblast (6)
Potions
 e - a potion of curing
Comestibles
 c - 2 rations


   Skills:
 + Level 4.4 Fighting
 + Level 5.4 Axes
 + Level 0.4(3.3) Polearms
 + Level 2.6 Armour
 + Level 2.4 Dodging
 + Level 0.8 Stealth
 + Level 0.3 Evocations


You had 5 spell levels left.
You didn't know any spells.
Your spell library was empty.

Dungeon Overview and Level Annotations

Branches:
Dungeon (6/15)             Temple (0/1) D:6

Altars:

Annotations:
D:3 3 runed translucent doors, Spathi's ghost, weakling DrFE


Innate Abilities, Weirdness & Mutations

Your flesh is cold resistant. (rC+)
Your movements are less encumbered by armour. (ER -4)


Message History

* * * LOW HITPOINT WARNING * * *
The water moccasin zombie misses you.
You barely miss the water moccasin zombie.
The water moccasin zombie is almost destroyed.
The water moccasin zombie bites you.
* * * LOW HITPOINT WARNING * * *
You hit the water moccasin zombie.
The water moccasin zombie is almost destroyed.
The water moccasin zombie bites you but does no damage.
You hit the water moccasin zombie.
Lightning courses through the water moccasin zombie!
You destroy the water moccasin zombie!
You slash the worker ant zombie!
The worker ant zombie convulses.
The worker ant zombie is heavily damaged.
The worker ant zombie barely misses you.
You hit the worker ant zombie.
The worker ant zombie is severely damaged.
The worker ant zombie bites you.
You die... "I guess I need a new plaything now."

≈..+ ###
#Z### #!!
#.'.# #??
#.### #=?
#.+
+##'##'##.#
..........+
+#+#'#Z#'#
#@#.# #####


You could see a worker ant zombie.

Vanquished Creatures
  A black bear (shapeshifter) (D:3)
  A bullfrog (D:6)
  A water moccasin zombie (Ossuary)
  3 bullfrog zombies (Ossuary)
  A hound (D:6)
  A jelly (D:5)
  A hound zombie (Ossuary)
  4 mummies (Ossuary)
  2 adders (D:2)
  3 leopard geckos (D:2)
  3 orcs (D:3)
  4 bats
  2 giant cockroaches
  4 goblins
  3 hobgoblins
  2 jackals (D:2)
  4 kobolds
  A quokka (D:5)
  2 frilled lizards
  4 rats
47 creatures vanquished.

Vanquished Creatures (others)
  A withered plant (Ossuary)
1 creature vanquished.

Grand Total: 48 creatures vanquished

Notes
Turn   | Place    | Note
-------+----------+-------------------------------------------
     0 | D:1      | monkeyraunch the Demonspawn Chaos Knight began the quest
                  | for the Orb.
     0 | D:1      | Reached XP level 1. HP: 18/18 MP: 1/1
   104 | D:1      | Gained mutation: Your flesh is cold resistant. (rC+)
                  | [demonic ancestry]
   104 | D:1      | Reached XP level 2. HP: 19/24 MP: 2/2
   205 | D:1      | Reached skill level 3 in Axes
   243 | D:2      | Gained mutation: Your movements are slightly less
                  | encumbered by armour. (ER -2) [demonic ancestry]
   243 | D:2      | Reached XP level 3. HP: 13/29 MP: 3/3
   257 | D:2      | XOM: harmless Hex miscast
   262 | D:2      | XOM: 3-stop teleportation journey
   540 | D:2      | XOM: harmless Chrm miscast
   607 | D:2      | Reached skill level 1 in Dodging
   724 | D:3      | Found a runed translucent gate.
   724 | D:3      | Found a runed translucent gate.
   724 | D:3      | Found a runed translucent gate.
   730 | D:3      | Noticed Spathi's ghost (weakling DrFE)
   736 | D:3      | Noticed a shapeshifter
   736 | D:3      | an orc changed into a shapeshifter
   736 | D:3      | Noticed a black bear
   736 | D:3      | a shapeshifter changed into a black bear
   747 | D:3      | Killed a black bear
   747 | D:3      | Reached skill level 4 in Axes
   747 | D:3      | Reached XP level 4. HP: 13/37 MP: 4/4
   747 | D:3      | Gained mutation: Your movements are less encumbered by
                  | armour. (ER -4) [demonic ancestry]
   747 | D:3      | Reached XP level 5. HP: 15/42 MP: 5/5
   766 | D:3      | You fall through a shaft for 2 floors!
   766 | D:5      | Entered Level 5 of the Dungeon
   868 | D:5      | XOM: mild Tmut miscast
  1066 | D:6      | Reached XP level 6. HP: 24/48 MP: 6/6
  1072 | D:6      | Found a sand-covered staircase.
  1077 | Ossuary  | Entered an ossuary
  1122 | Ossuary  | Reached skill level 5 in Axes
  1133 | Ossuary  | XOM: 1-stop teleportation journey
  1184 | Ossuary  | Slain by a worker ant zombie

Skill      XL: |  1  2  3  4  5  6 |
---------------+-------------------+-----
Axes           | 3 4 5 |  5.4
Dodging        | 1 2 |  2.4
Armour         | 2 |  2.6
Fighting       | 4 |  4.4
Polearms       | |  0.4
Stealth        | |  0.8
Evocations     | |  0.3

Action                   |  1- 3 |  4- 6 || total
-------------------------+-------+-------++-------
Melee: Hand axe          |    86 |    35 ||   121
       Trident           |       |    35 ||    35
Evoke: Wand              |     1 |     6 ||     7
  Use: Scroll            |     1 |     1 ||     2
       Potion            |       |     3 ||     3
  Eat: Chunk             |       |     1 ||     1
Armor: Leather armour    |    38 |    20 ||    58
Dodge: Dodged            |    59 |    49 ||   108
